 Dungeon Crawl Stone Soup version 0.17-a0-2208-ge5ab1d3 (webtiles) character file.

294 Goblin1989 the Insei (level 6, -1/49 HPs)
             Began as a Demonspawn Monk on Oct 26, 2015.
             Slain by a worker ant (3 damage)
             ... on level 4 of the Dungeon.
             The game lasted 00:34:16 (2293 turns).

Goblin1989 the Insei (Demonspawn Monk)              Turns: 2293, Time: 00:34:16

Health: -1/49      AC:  5    Str:  8    XL:     6   Next: 11%
Magic:  6/6        EV: 13    Int: 13    God:
Gold:   91         SH:  0    Dex: 16    Spells: 0 memorised, 5 levels left

rFire  . . .     SeeInvis .       - Unarmed
rCold  + . .     Clarity  .     a - +1 robe
rNeg   . . .     SustAt   .     (no shield)
rPois  .         Gourm    .     (no helmet)
rElec  .         Spirit   .     (no cloak)
rCorr  .         Warding  .     (no gloves)
rMut   .         Stasis   .     (no boots)
MR     .....                    (no amulet)
Stlth  ++........               k - -3 ring of strength (curse)
                                h - ring of protection from cold

@: lethally poisoned (-1 -> -5), not resistant to hostile enchantments,
unstealthy
A: rugged brown scales 2, powered by death 1, rot immunity
a: no special abilities


You were on level 4 of the Dungeon.
You were hungry.

You visited 1 branch of the dungeon, and saw 4 of its levels.

You collected 91 gold pieces.

Inventory:

Armour
 a - a +1 robe (worn)
 g - a cursed +0 cloak
Jewellery
 h - a ring of protection from cold (left hand)
 k - a cursed -3 ring of strength (right hand)
Scrolls
 c - 5 scrolls of teleportation
 m - a scroll of identify
 n - a scroll of fear
Potions
 f - a potion of cancellation
 j - 2 potions of brilliance
 o - a potion of magic
Comestibles
 b - 3 bread rations
 d - 2 fruits
 i - a meat ration


   Skills:
 - Level 3.0 Fighting
 - Level 2.6 Dodging
 - Level 1.7 Stealth
 + Level 6.8 Unarmed Combat


You had 5 spell levels left.
You didn't know any spells.

Dungeon Overview and Level Annotations

Branches:
Dungeon (4/15)
 Temple: D:4-7

Altars:
Nemelex Xobeh
Okawaru
Zin


Innate Abilities, Weirdness & Mutations

You are mostly covered in rugged brown scales (AC +2, +5% HP).
You regenerate a little health from kills.
You are immune to rotting.


Message History

The worker ant is heavily wounded.
You feel sick. The worker ant closely misses you. The orc misses you.
You barely miss the worker ant.
The worker ant is heavily wounded.
You feel sick. The worker ant closely misses you. The orc closely misses you.
You completely miss the worker ant.
The worker ant is heavily wounded.
The worker ant bites you.
* * * LOW HITPOINT WARNING * * *
You hit the orc priest but do no damage.
You feel sick. The worker ant bites you.
* * * LOW HITPOINT WARNING * * *
The orc priest hits you with a club.
* * * LOW HITPOINT WARNING * * *
The orc barely misses you. The worker ant barely misses you.
You hit the worker ant.
The worker ant is almost dead.
The orc priest closely misses you. The orc closely misses you.
The worker ant bites you.
You die...

****** ,,,,,*
****,****###*
,,,,,,,,,,..*
****,##*###.###
*,,,,...,.....#*******
,,,,,*#.###....,,,,,,*
,,,,,,......#.######,*
,,,,,,.........a@or#,*
,,,,,.#.##.##.###o.#,*
,,,,,.........# #..#,*
,,,,,.......<.###..#,*
,,,,,...........#..#,*
,,,,,...##.#.##.#..#,*
,,,,,.#**#.#......?#,**
*,*,,,* #....#.#.$...#
*,**,** #.........#..#


You could see a worker ant, an orc priest, an orc and a quokka.

Vanquished Creatures
  An ogre (D:4)
  An orc priest (D:3)
  An orc wizard (D:3)
  A worker ant (D:3)
  An adder (D:3)
  4 gnolls
  A worm (D:2)
  4 giant geckos
  6 orcs
  4 giant cockroaches
  7 goblins
  8 hobgoblins
  2 jackals (D:3)
  6 kobolds
  A quokka (D:3)
  9 bats
  7 giant newts
  6 rats
70 creatures vanquished.

Notes
Turn   | Place    | Note
--------------------------------------------------------------
     0 | D:1      | Goblin1989 the Demonspawn Monk began the quest for the Orb.
     0 | D:1      | Reached XP level 1. HP: 18/18 MP: 1/1
    87 | D:1      | Reached skill level 4 in Unarmed Combat
   128 | D:1      | Gained mutation: You are partially covered in rugged brown scales (AC +1, +3% HP). [demonic ancestry]
   128 | D:1      | Reached XP level 2. HP: 9/24 MP: 2/2
   473 | D:1      | Found a sparkling altar of Nemelex Xobeh.
   751 | D:1      | Reached XP level 3. HP: 29/29 MP: 3/3
  1053 | D:3      | Found a glowing silver altar of Zin.
  1172 | D:3      | Reached skill level 5 in Unarmed Combat
  1172 | D:3      | Gained mutation: You regenerate a little health from kills. [demonic ancestry]
  1172 | D:3      | Reached XP level 4. HP: 19/36 MP: 4/4
  1628 | D:3      | Found an iron altar of Okawaru.
  1785 | D:3      | Gained mutation: You are immune to rotting. [demonic ancestry]
  1785 | D:3      | Reached XP level 5. HP: 42/42 MP: 5/5
  1857 | D:3      | Reached skill level 6 in Unarmed Combat
  2156 | D:4      | Noticed an ogre
  2236 | D:4      | Noticed an ogre
  2267 | D:4      | Killed an ogre
  2267 | D:4      | Gained mutation: You are mostly covered in rugged brown scales (AC +2, +5% HP). [demonic ancestry]
  2267 | D:4      | Reached XP level 6. HP: 16/49 MP: 6/6
  2292 | D:4      | HP: 2/49 [orc priest/club (4)]
  2293 | D:4      | Slain by a worker ant

Vault maps used:
D:1:      shiori_shiawase, nemelex_xobeh_ov_fountains_minmay
D:2:      kennysheep_the_goblin_king, first_bread, minmay_rats_cheesy_pizza
D:3:      zin_academy, okawaru_ov_weapons_minmay
D:4:      enter_ossuary_2

Action                   |  1- 3 |  4- 6 || total
-------------------------+-------+-------++-------
Melee: Unarmed           |   171 |   125 ||   296
  Use: Scroll            |     5 |     4 ||     9
 Stab: Sleeping          |     5 |     1 ||     6
  Eat: Chunk             |       |     4 ||     4
